 Dungeon Crawl Stone Soup version 0.23.2-40-g277498a001 (webtiles) character file.

Game seed: 8853204451228815381

189912 KamiKatze the Severer (level 18, -10/147 HPs)
             Began as a Merfolk Fighter on Sept 15, 2019.
             Was the Champion of Trog.
             Shot with a bolt by a naga sharpshooter (24 damage)
             ... on level 4 of the Snake Pit on Sept 16, 2019.
             The game lasted 02:56:31 (37511 turns).

KamiKatze the Severer (Merfolk Fighter)            Turns: 37511, Time: 02:56:32

Health: -10/147    AC: 21    Str: 27    XL:     18   Next: 59%
Magic:  19/19      EV: 16    Int:  8    God:    Trog [******]
Gold:   3498       SH: 14    Dex: 16    Spells: 17/17 levels left

rFire    . . .     SeeInvis .   a - +4 broad axe (elec)
rCold    . . .     Gourm    .   c - +0 shield
rNeg     . . .     Faith    .   x - +2 chain mail of Dramatic Exits {Regen+}
rPois    +         Spirit   .   n - +1 hat {MR+}
rElec    .         Reflect  .   E - +0 cloak
rCorr    .         Harm     .   F - +1 pair of gloves {Dex+3}
MR       +++++                  t - +1 pair of boots of the Leaf {MR+ Str+3}
Stlth    ..........             (no amulet)
HPRegen  1.74/turn              s - +3 ring of slaying
MPRegen  0.16/turn              V - ring of poison resistance

@: lethally poisoned (-10 -> -11), regenerating, constricted
A: change form in water, swift swim, stealthy swim
a: Berserk, Trog's Hand, Brothers in Arms, Renounce Religion


You were on level 4 of the Snake Pit.
You worshipped Trog.
Trog was exalted by your worship.
You were not hungry.

You visited 6 branches of the dungeon, and saw 31 of its levels.
You also visited: Sewer and Ice Cave.

You collected 4026 gold pieces.
You spent 528 gold pieces at shops.

Inventory:

Hand Weapons
 a - a +4 broad axe of electrocution (weapon)
 b - a +3 vampiric battleaxe
 w - a +1 executioner's axe of flaming
 S - a +5 broad axe of flaming
 W - a +0 broad axe
Missiles
 B - 4 steel tomahawks
 R - 4 javelins
 Y - 6 javelins of returning (quivered)
Armour
 c - a +0 shield (worn)
 n - a +1 hat of magic resistance (worn)
 t - the +1 pair of boots of the Leaf (worn) {MR+ Str+3}
   (You bought it in a shop on level 2 of the Orcish Mines)

   It affects your strength (+3).
   It affects your resistance to hostile enchantments.
 x - the +2 chain mail of Dramatic Exits (worn) {Regen+}
   (You found it on level 2 of the Snake Pit)

   It increases your rate of regeneration.
 E - a +0 cloak (worn)
 F - a +1 pair of gloves of dexterity (worn)
 K - a +0 large shield
 U - the +4 chain mail of the Peasants {Str+5 Dex+6}
   (You took it off an orc warrior on level 11 of the Dungeon)

   It affects your strength (+5).
   It affects your dexterity (+6).
Jewellery
 i - an uncursed ring of resist corrosion
 k - an uncursed ring of protection from magic
 s - a +3 ring of slaying (left hand)
 P - an uncursed ring of see invisible
 V - a ring of poison resistance (right hand)
Wands
 o - a wand of acid (14)
 v - a wand of digging (19)
 y - a wand of flame (68)
 G - a wand of clouds (5)
 J - a wand of iceblast (18)
 N - a wand of paralysis (7)
 O - a wand of enslavement (5)
 X - a wand of disintegration (25)
Scrolls
 e - 2 scrolls of fog
 h - 15 scrolls of identify
 j - 2 scrolls of enchant armour
 m - 4 scrolls of blinking
 r - 3 scrolls of fear
 u - 18 scrolls of teleportation
 H - 7 scrolls of remove curse
 L - a scroll of holy word
 Z - a scroll of magic mapping
Potions
 d - 10 potions of flight
 g - 8 potions of heal wounds
 l - 5 potions of curing
 p - a potion of berserk rage
 q - a potion of cancellation {unknown}
 z - 2 potions of invisibility
 A - 2 potions of agility
 C - 4 potions of might
 I - a potion of ambrosia
 M - 5 potions of lignification
 Q - 2 potions of haste
 T - 2 potions of resistance
Comestibles
 f - 44 rations


   Skills:
 + Level 14.5 Fighting
 * Level 17.1 Axes
 + Level 10.3 Armour
 + Level 15.9 Dodging
 + Level 13.1 Shields
 - Level 2.0 Evocations


You had 17 spell levels left.
You didn't know any spells.
Your spell library was empty.

Dungeon Overview and Level Annotations

Branches:
Dungeon (15/15)            Temple (1/1) D:4            Lair (6/6) D:11
  Swamp (3/4) Lair:4        Snake (4/4) Lair:2        Slime (0/5) Lair:5
    Orc (2/2) D:11            Elf (0/3) Orc:2        Vaults (0/5) D:14
 Depths (0/5) D:15

Altars:
Ashenzari
Cheibriados
Dithmenos
Elyvilon
Fedhas
Gozag
Hepliaklqana
Kikubaaqudgha
Makhleb
Nemelex Xobeh
Okawaru
Qazlal
Ru
Sif Muna
Trog
Uskayaw
Vehumet
Wu Jian
Xom
Yredelemnul
Zin
The Shining One
Jiyva

Shops:
D:9 =   D:11 [   D:15 *   Orc:2 }[!*   Snake:1 !   Snake:3 }

Portals:
Pandemonium: Orc:2

Annotations:
D:13 Urug
Swamp:3 Yep, Nikola!, Nikola


Message History

* * * LOW HITPOINT WARNING * * *
x2 The nagaraja constricts you.
The naga sharpshooter casts a spell.
The naga sharpshooter magically shoots a bolt.
You block the bolt.
Your shield and chain mail of Dramatic Exits prevent you from hitting the nagaraja.
The nagaraja is almost dead.
You feel sick. The nagaraja loses its grip on you.
Unknown command.
You feel sick. The nagaraja casts a spell at you. The bolt of poison hits you.
You resist.
* * * LOW HITPOINT WARNING * * *
The nagaraja hits you but does no damage.
The nagaraja grabs you.
You stop ascending the stairs.
The nagaraja constricts you.
The naga sharpshooter mumbles some strange words.
The naga sharpshooter magically shoots a bolt.
The bolt hits you!!
You die...

#.....###.####.##
#.#
#...[.N##N......#
#.##
#.....#NNN.####.##
#... #######NN###
*#.## #... ##(#
##.####... #N#
##..#.... #)#
##...... ##N#
##..#... #N@######
##..#####
##.(##..# #..## #
#.)...## #.^#
#....## #..##
##..### #...#####
##..## ###.....#
##.### #####..
##.## ##### ##.
##..# ##...## #.


You could see a nagaraja, 2 naga sharpshooters, a naga ritualist, 4 naga magi
and a naga.

Vanquished Creatures
  A tentacled monstrosity (Swamp:1)
  Frances (Swamp:2)
  4 nagarajas
  Donald (Swamp:2)
  A fire giant (D:15)
  A frost giant (IceCv)
  Louise (Swamp:2)
  Aizul (Snake:2)
  2 very ugly things
  Fannar (D:10)
  A vault guard (D:14)
  15 hydras
  11 naga warriors
  12 anacondas
  2 centaur warriors
  4 catoblepae (Lair:6)
  10 two-headed ogres
  8 death yaks (Lair:6)
  5 orc high priests (Orc:2)
  4 alligators (Swamp:2)
  8 naga sharpshooters
  Nergalle (D:12)
  5 shock serpents
  2 tengu warriors (D:14)
  3 salamander mystics (Snake:3)
  A torturous demonspawn (Orc:2)
  5 swamp dragons
  A wizard (D:14)
  A spriggan druid (Swamp:3)
  7 naga ritualists
  4 unseen horrors
  2 gelid demonspawn (Orc:2)
  6 orc knights
  2 mana vipers (Snake:2)
  2 oklob plants (D:11)
  8 ugly things
  6 orc sorcerers (Orc:2)
  2 deep elf magi
  12 salamanders
  2 manticores (Lair:6)
  8 elephants
  9 cyclopes
  An ice statue (IceCv)
  17 naga magi
  41 black mambas
  2 smoke demons (Orc:2)
  4 guardian serpents
  5 gargoyles
  2 molten gargoyles (Lair:5)
  11 spiny frogs
  2 kobold demonologists
  2 efreet
  7 rime drakes
  9 komodo dragons
  A tengu conjurer (D:14)
  A red devil (Orc:2)
  6 trolls
  A merfolk (D:13)
  A hornet (Swamp:3)
  18 polar bears
  4 tyrant leeches
  7 hippogriffs
  Prince Ribbit (D:6)
  23 blink frogs
  8 slime creatures
  3 bog bodies
  4 dream sheep (Lair:6)
  Sigmund (D:3)
  9 spriggans
  A vampire (D:10)
  6 shadows
  7 wyverns
  4 fire bats (Lair:2)
  A wraith (D:13)
  A ynoxinul (Orc:2)
  11 humans
  3 basilisks
  78 yaks
  4 hogs (Swamp:3)
  16 vampire mosquitoes
  4 hungry ghosts
  10 steam dragons (Lair:2)
  3 wargs
  9 insubstantial wisps
  Menkaure (D:4)
  11 swamp worms
  16 water moccasins
  A soldier ant (D:13)
  34 nagas
  8 porcupines
  A swamp drake (Swamp:2)
  5 sky beasts
  41 orc warriors
  2 black bears
  A black bear (shapeshifter) (D:15)
  6 ice beasts
  2 eyes of draining
  4 necrophages
  3 phantoms
  14 ogres
  16 wolves
  14 centaurs
  2 big kobolds
  13 crocodiles
  19 bullfrogs
  A gnoll sergeant (D:6)
  2 scorpions
  10 killer bees
  4 wights (D:9)
  2 electric eels (Lair:2)
  3 howler monkeys
  A bullfrog zombie (D:12)
  4 lava snakes (Lair:5)
  4 centaur zombies
  7 crimson imps
  8 hounds
  2 quasits
  23 orc wizards
  25 orc priests
  3 iguanas
  9 jellies
  2 bullfrog skeletons
  3 centaur skeletons
  11 worker ants
  A hound zombie (D:5)
  A howler monkey skeleton (D:9)
  8 gnolls
  16 adders
  3 shadow imps
  An ooze (D:3)
  An adder zombie (D:9)
  3 worms
  4 dart slugs
  7 leopard geckos
  111 orcs
  8 ball pythons
  8 bats
  4 giant cockroaches
  11 goblins
  7 hobgoblins
  19 jackals
  3 quokkas
  17 frilled lizards
  24 kobolds
  A leopard gecko skeleton (D:6)
  A quokka skeleton (D:9)
  A quokka zombie (D:8)
  10 rats
  7 fungi
  31 plants
1178 creatures vanquished.

Vanquished Creatures (others)
  A spiny frog (Swamp:3)
  A rime drake (Lair:2)
  A hornet (Swamp:3)
  A bog body (Swamp:3)
  A human (D:14)
  A vampire mosquito (Swamp:3)
  A swamp worm (Swamp:3)
  A lava snake (Lair:5)
  2 orc wizards (D:13)
  An orc (D:13)
  A bush (Lair:6)
  26 fungi
  23 plants (Lair:6)
61 creatures vanquished.

Grand Total: 1239 creatures vanquished

Notes
Turn   | Place    | Note
-------+----------+-------------------------------------------
     0 | D:1      | KamiKatze the Merfolk Fighter began the quest for the Orb.
     0 | D:1      | Reached XP level 1. HP: 18/18 MP: 1/1
   105 | D:1      | Reached skill level 2 in Axes
   105 | D:1      | Reached XP level 2. HP: 22/24 MP: 2/2
   295 | D:1      | Reached XP level 3. HP: 29/30 MP: 3/3
   647 | D:2      | Found an iron altar of Okawaru.
  1383 | D:2      | Reached skill level 3 in Axes
  1383 | D:2      | Reached XP level 4. HP: 28/37 MP: 4/4
  1533 | D:3      | Noticed Sigmund
  1555 | D:3      | Killed Sigmund
  1555 | D:3      | Reached skill level 4 in Axes
  1555 | D:3      | Reached XP level 5. HP: 14/43 MP: 5/5
  1707 | D:3      | Reached XP level 6. HP: 41/50 MP: 6/6
  2165 | D:3      | Reached skill level 5 in Fighting
  2475 | D:4      | Noticed a phantom
  2704 | D:4      | Noticed a black bear
  2709 | D:4      | Killed a black bear
  2709 | D:4      | Reached skill level 5 in Axes
  2808 | D:4      | Reached XP level 7. HP: 34/56 MP: 7/7
  2981 | D:4      | Reached skill level 6 in Axes
  3005 | D:4      | Noticed Menkaure
  3015 | D:4      | Killed Menkaure
  3209 | D:4      | Found a staircase to the Ecumenical Temple.
  3218 | Temple   | Entered the Ecumenical Temple
  3303 | Temple   | Became a worshipper of Trog the Wrathful
  3543 | D:5      | Entered Level 5 of the Dungeon
  3564 | D:5      | Reached skill level 7 in Axes
  3564 | D:5      | Reached XP level 8. HP: 29/62 MP: 8/8
  4236 | D:6      | Found a glowing drain.
  4241 | D:6      | Reached * piety under Trog
  4256 | D:6      | Reached skill level 8 in Axes
  4513 | Sewer    | Entered a sewer
  5098 | D:6      | Reached ** piety under Trog
  5346 | D:6      | Reached skill level 9 in Axes
  5355 | D:6      | Reached XP level 9. HP: 51/68 MP: 9/9
  5375 | D:6      | Noticed Prince Ribbit
  5437 | D:6      | Found a shadowy altar of Dithmenos.
  6351 | D:6      | Killed Prince Ribbit
  6541 | D:7      | Reached skill level 1 in Evocations
  6567 | D:7      | Reached skill level 1 in Dodging
  6849 | D:7      | Reached skill level 10 in Axes
  7159 | D:8      | Reached XP level 10. HP: 75/75 MP: 11/11
  8107 | D:9      | Reached *** piety under Trog
  8537 | D:9      | Found Fenwae's Jewellery Emporium.
  8738 | D:9      | Noticed a gargoyle
  8749 | D:9      | Reached skill level 5 in Shields
  8758 | D:9      | Killed a gargoyle
  8758 | D:9      | Reached skill level 5 in Dodging
  8884 | D:9      | Reached skill level 11 in Axes
  8889 | D:9      | Reached XP level 11. HP: 46/83 MP: 12/12
  9458 | D:10     | Entered Level 10 of the Dungeon
  9544 | D:10     | Reached **** piety under Trog
  9772 | D:10     | Killed an unseen horror
 10085 | D:10     | Noticed Fannar
 10093 | D:10     | Found a radiant altar of Vehumet.
 10114 | D:10     | Killed Fannar
 10749 | D:11     | Noticed an oklob plant
 10762 | D:11     | Noticed an oklob plant
 10862 | D:11     | Found a staircase to the Lair.
 10902 | D:11     | Noticed a cyclops
 10909 | D:11     | Killed a cyclops
 10910 | D:11     | Noticed a two-headed ogre
 10912 | D:11     | Noticed a two-headed ogre
 10915 | D:11     | Killed a two-headed ogre
 10919 | D:11     | Killed a two-headed ogre
 10984 | D:11     | Noticed a four-headed hydra
 11027 | D:11     | Killed a seven-headed hydra
 11027 | D:11     | Reached skill level 5 in Armour
 11027 | D:11     | Reached XP level 12. HP: 75/94 MP: 13/13
 11109 | D:11     | Found a staircase to the Orcish Mines.
 11113 | D:11     | Found Icwazein's Armour Boutique.
 11154 | D:11     | Reached skill level 12 in Axes
 11259 | D:11     | Noticed a five-headed hydra
 11350 | D:11     | Noticed a two-headed ogre
 11367 | D:11     | Killed a two-headed ogre
 11639 | D:11     | Identified the +4 chain mail of the Peasants {Str+5 Dex+6}
 11775 | D:11     | Reached ***** piety under Trog
 11860 | D:11     | Found the +27 Lear's hauberk
 12184 | D:11     | Killed a 14-headed hydra
 12657 | Orc:1    | Entered Level 1 of the Orcish Mines
 12751 | Orc:1    | Found a frozen archway.
 12769 | IceCv    | Entered an ice cave
 13240 | IceCv    | Received a gift from Trog
 13240 | IceCv    | Noticed a frost giant
 13249 | IceCv    | Reached XP level 13. HP: 92/101 MP: 14/14
 13256 | IceCv    | Killed a frost giant
 14013 | Orc:1    | Reached skill level 13 in Axes
 14145 | Orc:1    | Received a gift from Trog
 14232 | Orc:1    | Reached skill level 10 in Dodging
 14821 | Orc:1    | Reached skill level 10 in Fighting
 15016 | Orc:2    | Entered Level 2 of the Orcish Mines
 15205 | Orc:2    | Found a staircase to the Elven Halls.
 15789 | D:9      | Bought an uncursed ring of resist corrosion for 300 gold
                  | pieces
 16045 | Lair:1   | Entered Level 1 of the Lair of Beasts
 16688 | Lair:1   | You fall through a shaft!
 16699 | Lair:2   | Found a staircase to the Snake Pit.
 17039 | Lair:2   | Received a gift from Trog
 17599 | Lair:2   | Reached XP level 14. HP: 93/111 MP: 15/15
 20238 | Lair:4   | Found a staircase to the Swamp.
 20479 | Lair:5   | Reached skill level 14 in Axes
 20542 | Lair:5   | Reached ****** piety under Trog
 20542 | Lair:5   | Received a gift from Trog
 20968 | Lair:5   | Identified a scroll of acquirement
 21179 | Lair:5   | Found a viscous altar of Jiyva.
 21179 | Lair:5   | Found a staircase to the Slime Pits.
 22196 | Orc:2    | Found Poseah's General Store.
 22416 | Orc:2    | Reached skill level 10 in Shields
 22518 | Orc:2    | Found Noofil's Distillery.
 22950 | Orc:2    | Reached XP level 15. HP: 96/119 MP: 16/16
 23108 | Orc:2    | Received a gift from Trog
 23460 | Orc:2    | Found Fiucibbo's Antique Armour Boutique.
 23460 | Orc:2    | Found a one-way gate leading to the halls of Pandemonium.
 23460 | Orc:2    | Found Negot's Gadget Shop.
 23474 | Orc:2    | Bought a pair of shimmering boots for 228 gold pieces
 23485 | Orc:2    | Identified the +1 pair of boots of the Leaf {MR+ Str+3}
                  | (You bought it in a shop on level 2 of the Orcish Mines)
 23824 | D:12     | You fall through a shaft for 2 floors!
 23842 | D:14     | Found a sparkling altar of Nemelex Xobeh.
 24176 | D:13     | Noticed Urug
 24625 | D:12     | Noticed Nergalle
 24635 | D:12     | Killed Nergalle
 25046 | D:13     | Received a gift from Trog
 26027 | D:14     | Reached skill level 15 in Axes
 26990 | D:14     | Found a gate to the Vaults.
 27072 | D:15     | Entered Level 15 of the Dungeon
 27189 | D:15     | Found Yworere's Assorted Antiques.
 27236 | D:15     | Found a staircase to the Depths.
 27236 | D:15     | Noticed a fire giant
 27366 | D:15     | Reached XP level 16. HP: 129/129 MP: 17/17
 27475 | D:15     | Received a gift from Trog
 28032 | Lair:6   | Entered Level 6 of the Lair of Beasts
 28913 | Lair:6   | Received a gift from Trog
 29587 | Swamp:1  | Entered Level 1 of the Swamp
 30571 | Swamp:1  | Noticed a tentacled monstrosity
 30603 | Swamp:1  | Killed a tentacled monstrosity
 31239 | Swamp:2  | Reached XP level 17. HP: 127/137 MP: 18/18
 31379 | Swamp:2  | Noticed Louise
 31393 | Swamp:2  | Killed Louise
 31402 | Swamp:2  | Received a gift from Trog
 31407 | Swamp:2  | Reached skill level 16 in Axes
 31451 | Swamp:2  | Noticed Donald
 31468 | Swamp:2  | Killed Donald
 31476 | Swamp:2  | Noticed Frances
 31700 | Swamp:2  | Killed Frances
 32205 | Swamp:3  | Noticed Nikola
 32810 | Snake:1  | Entered Level 1 of the Snake Pit
 32817 | Snake:1  | Found Cusiocs's Distillery.
 33536 | Snake:1  | Received a gift from Trog
 34003 | Snake:2  | Noticed Aizul
 34014 | Snake:2  | Killed Aizul
 34523 | Snake:2  | Reached skill level 15 in Dodging
 34540 | Snake:2  | Got a dazzling chain mail
 34573 | Snake:2  | Identified the +2 chain mail of Dramatic Exits {Regen+}
                  | (You found it on level 2 of the Snake Pit)
 35256 | Snake:2  | You fall through a shaft!
 35262 | Snake:3  | Received a gift from Trog
 35265 | Snake:3  | Got a steaming hand axe {god gift}
 35266 | Snake:3  | Identified the +5 hand axe of the Orcish Mines {speed,
                  | rC+++ rN+} (Trog gifted it to you on level 3 of the Snake
                  | Pit)
 35391 | Snake:3  | Reached skill level 10 in Armour
 35391 | Snake:3  | Reached XP level 18. HP: 145/146 MP: 19/19
 35424 | Snake:3  | Found Jaxuj's Gadget Shop.
 36152 | Snake:4  | Entered Level 4 of the Snake Pit
 36459 | Snake:4  | Found a shadowy altar of Dithmenos.
 36490 | Snake:4  | Reached skill level 17 in Axes
 36696 | Snake:4  | Received a gift from Trog
 37511 | Snake:4  | Shot with a bolt by a naga sharpshooter

Skill      XL: |  1  2  3  4  5  6  7  8  9 10 11 12 13 14 15 16 17 18 |
---------------+-------------------------------------------------------+-----
Axes           | 2 3 4 5 7 9 10 11 12 13 14 15 16 17 | 17.1
Fighting       | 4 5 7 8 9 10 11 12 13 14 | 14.5
Evocations     | 2 |  2.0
Dodging        | 3 5 7 9 10 12 13 14 15 | 15.9
Shields        | 4 5 6 7 9 10 11 12 13 | 13.1
Armour         | 4 5 6 7 8 9 10 | 10.3

Action                   |  1- 3 |  4- 6 |  7- 9 | 10-12 | 13-15 | 16-18 || total
-------------------------+-------+-------+-------+-------+-------+-------++-------
Melee: War axe           |   153 |   109 |   440 |   447 |       |       ||  1149
       Tailslap          |       |       |    11 |       |       |     8 ||    19
       Broad axe         |       |       |       |   206 |  1131 |  1149 ||  2486
       Executioner's axe |       |       |       |       |    47 |    22 ||    69
Throw: Stone             |       |       |     4 |    10 |       |       ||    14
       Javelin           |       |       |     9 |    13 |    15 |    10 ||    47
       Tomahawk          |       |       |       |     2 |    13 |     6 ||    21
Invok: Berserk           |       |       |     3 |     6 |     4 |     3 ||    16
       Trog's Hand       |       |       |     4 |     2 |     2 |     5 ||    13
Evoke: Wand              |       |       |       |       |     6 |     3 ||     9
  Use: Potion            |       |     2 |     1 |     1 |     3 |       ||     7
       Scroll            |       |     1 |     9 |     6 |    16 |     3 ||    35
 Stab: Distracted        |       |       |       |     1 |       |     1 ||     2
       Petrified         |       |       |       |       |       |     4 ||     4
  Eat: Chunk             |     2 |     4 |    15 |    26 |    47 |    28 ||   122
       Ration            |       |       |     1 |     1 |     1 |     3 ||     6
Armor: Scale mail        |    88 |    47 |   137 |    18 |       |       ||   290
       Chain mail        |       |       |       |   234 |   301 |   338 ||   873
Dodge: Dodged            |    46 |    23 |   114 |   193 |   514 |   668 ||  1558
Block: Shield            |    84 |    43 |   218 |   296 |   610 |   481 ||  1732
